AoeStats
← Tumirnix

Black Forest

503438956Analyzed
2v2 RM · 1mo ago on Aug 31, 2026· 40m 27s· 4 players
Game mode
Random Map
Map size
Medium (4 player)
Population
200
Speed
Normal
Resources
Standard
Victory
Conquest
Starting age
Dark Age
Ending age
Imperial Age
RankedLock teamsTeams togetherTeam positionsShared explorationLock speedFull tech treeHidden civsTurbo modeCheats
Victory
Defeat
🇩🇪 Bohemians · Germany
1362
+16
🇩🇪 Britons · Germany
1354
+16
🇩🇪 Maya · Germany
1367
-16
🇫🇷 Italians · France
1338
-15
descof
2:11 Loom
11:32 Feudal Age
12:35 Double-Bit Axe
15:48 Castle Age
14:14 Horse Collar
18:19 Wheelbarrow
20:12 Fletching
26:32 Hand Cart
27:11 Bloodlines
27:07 Bodkin Arrow
28:18 Scale Barding Armor
35:06 Imperial Age
34:49 Heavy Plow
35:02 Bow Saw
35:05 Forging
34:55 Scale Mail Armor
37:21 Chemistry
37:16 Conscription
37:11 Squires
38:40 Ballistics
39:26 Chain Mail Armor
N
0:25 Loom
9:59 Feudal Age
11:25 Double-Bit Axe
11:56 Man-at-Arms
13:50 Wheelbarrow
12:56 Horse Collar
13:12 Gold Mining
14:10 Horse Collar
20:25 Castle Age
21:38 Bow Saw
21:36 Heavy Plow
31:06 Imperial Age
29:45 Squires
30:03 Hand Cart
32:52 Two-Man Saw
31:22 Eagle Warrior
32:08 Scale Mail Armor
32:57 Crop Rotation
32:55 Elite Eagle Warrior
33:21 Arson
33:51 Onager
35:12 Chain Mail Armor
35:15 Fletching
36:35 Plate Mail Armor
36:17 Forging
37:38 Chemistry
36:49 Masonry
37:35 Crossbowman
38:12 Bodkin Arrow
Tumirnix
0:44 Loom
12:13 Feudal Age
15:06 Double-Bit Axe
15:02 Horse Collar
17:49 Castle Age
19:49 Bow Saw
24:31 Wheelbarrow
25:11 Heavy Plow
27:10 Scale Mail Armor
28:21 Gold Mining
32:11 Imperial Age
30:07 Hand Cart
30:18 Squires
30:03 Gambesons
29:39 Man-at-Arms
30:31 Forging
31:46 Chain Mail Armor
32:28 Coinage
31:36 Long Swordsman
33:19 Iron Casting
32:41 Arson
32:18 Two-Handed Swordsman
33:40 Conscription
34:05 Plate Mail Armor
34:14 Onager
35:03 Champion
Guwe-Fuckin'-Rotz
0:44 Loom
12:04 Feudal Age
15:59 Castle Age
14:04 Double-Bit Axe
14:57 Horse Collar
17:48 Bow Saw
18:12 Heavy Plow
22:17 Wheelbarrow
29:36 Hand Cart
34:59 Imperial Age
32:53 Pikeman
33:33 Squires
33:39 Scale Mail Armor
37:43 Chemistry
36:09 Halberdier
37:04 Forging
38:34 Iron Casting
38:32 Masonry
38:57 Conscription
39:09 Siege Engineers
Connection lost

Rejoining the realm…

Still unreachable

The connection could not be restored.

Session expired

The server has moved on; the page needs a fresh start.